Map: Mur doré EC

Players

FireFoX

  • Race: Zerg Zerg
  • Spawn Location: 5:00

DisK - Winner!

  • Race: Protoss Protoss
  • League: Grandmaster
  • Spawn Location: 7:00

Event: DreamHack SC2 Masters 2020 Summer North America

VOD

Have the link to the VOD?

Description

Time

  • Played on: June 30, 2020, 4:17 p.m.
  • Length: 5:49

All games in this series

Show
View Real Time Build Order
Export as new Build Order

FireFoX Zerg 

Build Orders: Hatch First, Swarm Host 

Get SALT Encoding   

  12  0:00  Drone  
  13  0:08  Drone  
  14  0:17  Overlord  
  14  0:21  Extractor  
  14  0:23  Drone  
  15  0:36  Drone  
  16  0:50  Hatchery  
  16  0:52  Drone  
  16  0:54  Extractor  
  15  0:58  Drone  
  16  1:12  Spawning Pool  
  16  1:16  Drone  
  16  1:20  Drone  
  17  1:28  Drone  
  18  1:33  Overlord  
  18  1:45  Drone  
  19  2:00  Zergling x2  
  19  2:01  Queen  
  22  2:08  Queen  
  22  2:12  Drone  
  22  2:14  Drone x2  
  22  2:15  Drone  
  28  2:21  Drone  
  29  2:27  Drone  
  30  2:36  Drone x2  
  32  2:43  Lair  
  32  2:47  Queen  
  32  2:48  Zergling x2  
  36  2:51  Zergling x2  
  36  2:58  Overlord  
  36  3:03  Drone, Extractor x2  
  36  3:04  Drone  
  36  3:17  Drone  
  36  3:18  Drone x2  
  39  3:37  Roach Warren, Drone x3  
  39  3:39  Evolution Chamber, Spore Crawler  
  39  3:43  Extractor  
  39  3:47  Infestation Pit  
  37  3:53  Drone x3  
  37  3:55  Drone x2  
  43  3:58  Evolution Chamber  
  42  4:04  Nydus Network  
  42  4:06  Overlord  
  41  4:12  Overseer  
  41  4:19  Overlord  
  41  4:21  Roach  
  43  4:29  Swarm Host x2  
  49  4:35  Swarm Host  
  52  4:40  Swarm Host  
  55  4:46  Swarm Host  
  58  4:53  Roach  
  58  4:55  Overlord  
  60  5:01  Nydus Canal  
  60  5:12  Spine Crawler  
  59  5:16  Overlord  
  59  5:28  Overlord  
Show
View Real Time Build Order
Export as new Build Order

DisK Protoss - Winner!

Build Orders: 1 Gate Expand, Blink Stalkers 

Get SALT Encoding   

  12  0:00  Probe  
  13  0:12  Probe  
  14  0:19  Pylon  
  14  0:24  Probe  
  15  0:34  Probe  
  15  0:41  Gateway  
  15  0:42  Probe  
  16  0:48  Assimilator  
  17  0:52  Probe  
  18  1:04  Probe  
  19  1:16  Probe  
  20  1:26  Nexus  
  20  1:36  Cybernetics Core  
  20  1:39  Probe  
  21  1:46  Assimilator  
  21  1:51  Probe  
  22  1:55  Pylon  
  22  2:03  Stalker, Probe  
  23  2:14  Warp Gate  
  26  2:15  Probe  
  26  2:26  Twilight Council  
  26  2:29  Probe  
  26  2:35  Adept, Probe  
  29  2:38  Probe  
  29  2:43  Probe  
  30  2:46  Probe  
  32  2:59  Gateway  
  32  3:00  Probe  
  32  3:01  Blink  
  32  3:02  Probe  
  34  3:13  Probe  
  34  3:15  Probe  
  36  3:25  Probe  
  37  3:27  Probe  
  37  3:31  Robotics Facility  
  38  3:35  Probe  
  38  3:37  Probe  
  40  3:41  Gateway  
  40  3:43  Probe  
  41  3:49  Probe  
  41  3:51  Gateway  
  41  3:54  Probe  
  43  3:57  Gateway  
  43  4:02  Pylon  
  43  4:06  Assimilator, Probe  
  44  4:11  Stalker  
  44  4:13  Warp Prism  
  46  4:18  Gateway  
  48  4:29  Stalker  
  50  4:33  Pylon  
  50  4:37  Stalker  
  52  4:44  Pylon  
  52  4:45  Stalker  
  54  4:52  Stalker  
  56  4:55  Stalker  
  58  5:01  Stalker  
  58  5:02  Stalker  
  62  5:11  Observer  
  62  5:13  Pylon  
  63  5:23  Stalker x2  
  63  5:24  Stalker  
  67  5:41  Stalker x3  
  73  5:48  Stalker  
Tags
 
Add a new tag
Caveats
  • Supply blocks, unpowered buildings, or Contaminate may cause inaccurate times.
  • Supply counts are checked every 10 seconds.